 Dungeon Crawl Stone Soup version 0.24.0-125-gc4c63601f3 (webtiles) character file.

Game seed: 12652015954155776879, levelgen mode: deterministic

61 Mesmaeker13 the Caller (level 3, 0/19 HPs)
             Began as a Deep Elf Summoner on Feb 17, 2020.
             Slain by an orc (5 damage)
             ... on level 3 of the Dungeon.
             The game lasted 00:04:58 (2577 turns).

Mesmaeker13 the Caller (Deep Elf Summoner)          Turns: 2577, Time: 00:04:58

Health: 0/19       AC:  5    Str: 10    XL:     3   Next: 83%
Magic:  9/10       EV: 13    Int: 19    God:
Gold:   107        SH:  0    Dex: 15    Spells: 4/10 levels left

rFire    . . .     SeeInvis .   p - staff of summoning (curse)
rCold    . . .     Gourm    .   (no shield)
rNeg     . . .     Faith    .   e - +0 leather armour
rPois    .         Spirit   .   (no helmet)
rElec    .         Reflect  .   i - +0 cloak
rCorr    .         Harm     .   f - +0 pair of gloves
MR       .....                  (no boots)
Stlth    ++........             (no amulet)
HPRegen  0.06/turn              a - +4 ring of strength
MPRegen  0.12/turn              (no ring)

@: no status effects
A: no striking features
a: no special abilities


You were on level 3 of the Dungeon.
You were not hungry.

You visited 1 branch of the dungeon, and saw 3 of its levels.

You collected 107 gold pieces.

Inventory:

Hand Weapons
 m - a +0 dagger of draining
Armour
 e - a +0 leather armour (worn)
 f - a +0 pair of gloves (worn)
 i - a +0 cloak (worn)
Magical Staves
 p - a cursed staff of summoning (weapon)
Jewellery
 a - a +4 ring of strength (left hand)
 r - an uncursed ring of see invisible {unknown}
Scrolls
 b - a scroll of teleportation {unknown}
 d - a scroll of remove curse {unknown}
 g - a scroll of noise {unknown}
 j - a scroll of fear {unknown}
 l - a scroll of identify {unknown}
Potions
 h - 2 potions of degeneration {unknown}
 k - a potion of berserk rage {unknown}
 o - a potion of invisibility {unknown}
 q - 2 potions of haste {unknown}
Comestibles
 c - 2 rations
 n - 6 chunks of flesh


   Skills:
 + Level 3.5 Dodging
 - Level 2.4 Stealth
 + Level 4.0 Spellcasting
 + Level 5.0 Summonings


You had 4 spell levels left.
You knew the following spells:

 Your Spells              Type           Power        Failure   Level  Hunger
a - Summon Small Mammal   Summ           ####         2%          1    None
b - Call Imp              Summ           ####....     3%          2    ##.....
c - Call Canine Familiar  Summ           ####....     7%          3    ###....

Your spell library contained the following spells:

 Spells                   Type           Power        Failure   Level  Hunger
 Summon Guardian Golem    Hex/Summ       ###.....     21%         3    ###....
 Summon Ice Beast         Ice/Summ       ###.....     54%         4    ####...
 Summon Lightning Spire   Summ/Air       ###.....     54%         4    ####...


Dungeon Overview and Level Annotations

Branches:
Dungeon (3/15)

Altars:
Cheibriados

Annotations:
D:2 Natasha, Sigmund


Message History

The orc is heavily wounded.
The orc hits you but does no damage.
You hit the orc but do no damage.
The orc is heavily wounded.
The orc hits you.
* * * LOW HITPOINT WARNING * * *
Your crimson imp blinks!
Your crimson imp barely misses the orc.
Your crimson imp hits the orc.
Your crimson imp blinks!
You see here a bat skeleton.
The orc barely misses you.
Your crimson imp hits the orc but does no damage.
Casting: Call Imp (safe; 3% risk of failure)
Confirm with . or Enter, or press ? or * to list all spells.
You feel a surge of power! The orc hits you.
* * * LOW HITPOINT WARNING * * *
Your crimson imp hits the orc but does no damage.
The orc hits you.
You die...

#.......
#################......
.(#..........#........
................#...#
###...........#.#...#
##...........5....#
###...........#5..÷.#
............5###o...########
..........).÷###@.......)..##
.............##.r...######..#
..................###### ##†#
............#####.# o.... #)#
#####.......# ### ......#.#
##......# ..>o....# #......#
.....8†.# ........ ........#
###. ......# .8.8....#


You could see an orc, 2 friendly crimson imps and a friendly quokka.

Vanquished Creatures
  An adder (D:1)
  An ooze (D:2)
  A dart slug (D:1)
  An orc (D:3)
  3 goblins
  3 kobolds (D:1)
  A ball python (D:1)
  A bat (D:1)
  A frilled lizard (D:1)
  7 rats
20 creatures vanquished.

Vanquished Creatures (collateral kills)
  An adder (D:2)
  A worm (D:3)
  3 dart slugs (D:1)
  A leopard gecko (D:3)
  4 orcs (D:3)
  A bat (D:3)
  A giant cockroach (D:1)
  2 goblins (D:1)
  2 hobgoblins
  2 quokkas
  2 frilled lizards
  3 kobolds (D:1)
  A rat (D:1)
24 creatures vanquished.

Grand Total: 44 creatures vanquished

Notes
Turn   | Place    | Note
-------+----------+-------------------------------------------
     0 | D:1      | Mesmaeker13 the Deep Elf Summoner began the quest for the
                  | Orb.
     0 | D:1      | Reached XP level 1. HP: 10/10 MP: 6/6
   712 | D:1      | Reached XP level 2. HP: 9/15 MP: 6/8
  1007 | D:1      | Found a snail-covered altar of Cheibriados.
  1791 | D:2      | Learned a level 2 spell: Call Imp
  1794 | D:2      | Noticed Sigmund
  1868 | D:2      | Reached XP level 3. HP: 14/19 MP: 8/10
  2361 | D:2      | Noticed Natasha
  2440 | D:3      | Reached skill level 5 in Summonings
  2486 | D:3      | Learned a level 3 spell: Call Canine Familiar
  2577 | D:3      | Slain by an orc

Levels and vault maps discovered:
D:1:      wander_arrival_peaceful_grave, layout_basic, cheibriados_altar_1
D:2:      layout_basic, nicolae_qazlal_style_of_elements, uniq_natasha,
          uniq_sigmund
D:3:      layout_rooms, first_ration, grunt_ministairs_10,
          minmay_misc_feat_rugged, nicolae_underground_beach, uniq_jessica

Skill      XL: |  1  2  3 |
---------------+----------+-----
Dodging        | 3 |  3.5
Summonings     | 5 |  5.0
Spellcasting   | 4 |  4.0
Stealth        | |  2.4

Action                   || total
-------------------------++-------
Melee: Unarmed           ||    21
       Whip              ||    37
       Dagger            ||    33
       Staff             ||    19
 Cast: Summon Small Mamm ||    34
       Call Imp          ||     5
 Stab: Sleeping          ||     3
       Distracted        ||     1
  Eat: Chunk             ||     5
Armor: Robe              ||    11
       Leather armour    ||    24
Dodge: Dodged            ||   112
